 Dungeon Crawl Stone Soup version 0.16-a0-3049-g2a447e9 (webtiles) character file.

21 Kemay the Digger (level 2, 0/17 HPs)
             Began as an Octopode Earth Elementalist on Dec 9, 2014.
             Slain by a jackal (1 damage)
             ... on level 1 of the Dungeon.
             The game lasted 00:03:08 (762 turns).

Kemay the Digger (Octopode Earth Elementalist)       Turns: 762, Time: 00:03:08

Health: 0/17       AC:  1    Str:  7    XL:     2   Next: 83%
Magic:  0/4        EV: 12    Int: 17    God:
Gold:   47         SH:  0    Dex: 12    Spells: 2 memorised, 2 levels left

rFire  . . .     SeeInvis .     b - 68 stones
rCold  . . .     Clarity  .     (no shield)
rNeg   . . .     SustAb   .     (helmet restricted)
rPois  .         Gourm    .     (no amulet)
rElec  .         Spirit   .     (no ring)
rCorr  .         Warding  .     (no ring)
rMut   .         Stasis   .     (no ring)
MR     .....                    (no ring)
Stlth  +++.......               (no ring)
                                (no ring)
                                (no ring)
                                (no ring)

@: not resistant to hostile enchantments, fairly stealthy
A: almost no armour, amphibious, 8 rings, constrict 8, camouflage 1, gelatinous
body 1
a: no special abilities


You were on level 1 of the Dungeon.
You were not hungry.

You visited 1 branch of the dungeon, and saw 1 of its levels.

You collected 47 gold pieces.

Inventory:

Missiles
 b - 68 stones (in tentacle)
Potions
 c - a potion of curing {unknown}
 e - a potion of haste {unknown}
Books
 d - a book of Geomancy

   Spells                             Type                      Level
   a - Sandblast                      Earth                        1
   b - Stoneskin                      Transmutation/Earth          2
   c - Passwall                       Transmutation/Earth          3
   d - Stone Arrow                    Conjuration/Earth            3
   e - Petrify                        Transmutation/Earth          4
   f - Lee's Rapid Deconstruction     Earth                        5
Comestibles
 a - 2 bread rations
 g - 2 chunks of flesh


   Skills:
 + Level 2.4 Dodging
 - Level 2.6 Stealth
 * Level 1.8 Unarmed Combat
 - Level 2.0 Spellcasting
 - Level 1.0 Transmutations
 - Level 3.0 Earth Magic


You had 2 spell levels left.
You knew the following spells:

 Your Spells              Type           Power        Failure   Level  Hunger
a - Sandblast             Erth           ##....       6%          1    #......
b - Stoneskin             Trmt/Erth      #.......     14%         2    ###....


Dungeon Overview and Level Annotations

Branches:
Dungeon (1/15)

Altars:


Innate Abilities, Weirdness & Mutations

You cannot wear most types of armour.
You are amphibious.
You can wear up to eight rings at the same time.
You can use your tentacles to constrict many enemies at once.
Your skin changes colour to match your surroundings (Stealth).
Your rubbery body absorbs attacks (AC +1).


Message History

Really attack while wielding your 70 stones? [Y]es or [N]o only, please.
Really attack while wielding your 70 stones? [Y]es or [N]o only, please.
Really attack while wielding your 70 stones?
Throwing (i - inventory):
b - 70 stones (in tentacle)
Press: ? - help, Shift-Dir - straight line, f - jackal
Aim: a jackal You throw a stone.
The stone hits the jackal but does no damage.
The jackal bites you.
* * * LOW HITPOINT WARNING * * *
The jackal barely misses you.
Throwing (i - inventory):
b - 69 stones (in tentacle)
Press: ? - help, Shift-Dir - straight line, f/p - jackal
Aim: a jackal You throw a stone.
The stone hits the jackal but does no damage.
The jackal bites you.
You die...

#...................h......[....#
................(...##.........##
.......... #........####......##
.......... #..###.#.# ##.....#
........>.##..###(..# #####.##
.... #....#......#...# #..## .##
#..#.###..#...# ##..# ..
#....#[#h##...## ##.. .
##...###@#.....# #..
##.......#.....# ###.
#####....#####.....# #...
.........# #.....#######.##
#........#####....###......#
......................######
...........###....####
...............##.#
K.........#.##.......#


You could see a jackal.

Vanquished Creatures
  A giant gecko (D:1)
  An ooze (D:1)
  3 bats (D:1)
  A giant cockroach (D:1)
  3 goblins (D:1)
  2 hobgoblins (D:1)
  2 jackals (D:1)
  A kobold (D:1)
  A giant newt (D:1)
  A rat (D:1)
16 creatures vanquished.

Notes
Turn   | Place    | Note
--------------------------------------------------------------
     0 | D:1      | Kemay, the Octopode Earth Elementalist, began the quest for the Orb.
     0 | D:1      | Reached XP level 1. HP: 11/11 MP: 3/3
   236 | D:1      | Reached skill level 1 in Unarmed Combat
   261 | D:1      | Reached XP level 2. HP: 13/17 MP: 0/4
   610 | D:1      | Learned a level 2 spell: Stoneskin
   762 | D:1      | Slain by a jackal

Action                   || total
-------------------------++-------
Melee: Unarmed           ||    36
Throw: Stone             ||     2
 Cast: Sandblast         ||    20
  Use: Scroll            ||     2
 Stab: Sleeping          ||     1
